 Dungeon Crawl Stone Soup version 0.14.1-26-g5a19342 (webtiles) character file.

238 Kae the Ruffian (level 4, -4/38 HPs)
             Began as a Naga Transmuter on July 27, 2014.
             Slain by a centaur (5 damage)
             ... on Level 3 of the Dungeon.
             The game lasted 00:03:46 (3130 turns).

Kae the Ruffian (Naga Transmuter)                   Turns: 3130, Time: 00:03:46

HP  -4/38        AC  3     Str 13      XL: 4   Next: 56%
MP   7/7         EV 10     Int 13      God:
Gold 148         SH  0     Dex 12      Spells:  3 memorised,  1 level left

rFire  . . .     SeeInvis +     k - +1,+0 short sword
rCold  . . .     Clarity  .     c - +1 robe
rNeg   . . .     Conserve .     (no shield)
rPois  +         rCorr    .     (no helmet)
rElec  .         rRot     .     (no cloak)
SustAb . .       Spirit   .     (no gloves)
rMut   .         Warding  .     (no barding)
Saprov . . .     Stasis   .     (no amulet)
MR     .....                    h - +6,+3 ring of slaying
                                n - ring of regeneration

@: very slow, not resistant to hostile enchantments, unstealthy
A: spit poison, see invisible, deformed body, poison resistance, slowness 2, AC
+1
a: Spit Poison


You were on level 3 of the Dungeon.
You were hungry.

You visited 1 branch of the dungeon, and saw 3 of its levels.

You collected 148 gold pieces.

Inventory:

Hand weapons
 k - a +1,+0 short sword (weapon)
Missiles
 b - 12 arrows
Armour
 c - a +1 robe (worn)
Comestibles
 a - 4 bread rations
 f - a meat ration
 l - an apple
Scrolls
 e - 2 scrolls of identify
 j - a scroll of blinking
 m - 2 scrolls of remove curse
Jewellery
 h - a +6,+3 ring of slaying (right hand)
 i - an uncursed ring of protection from cold
 n - a ring of regeneration (left hand)
Potions
 g - a potion of restore abilities
 o - a potion of brilliance {unknown}
Books
 d - a book of Changes

   Spells                             Type                      Level
   *Beastly Appendage                 Transmutation                1
   *Sticks to Snakes                  Transmutation                2
   *Spider Form                       Transmutation/Poison         3
   Ice Form                           Ice/Transmutation            4
   Blade Hands                        Transmutation                5


   Skills:
 - Level 1.0 Fighting
 - Level 1.5 Dodging
 * Level 4.5 Unarmed Combat
 - Level 2.0 Spellcasting
 + Level 3.1 Transmutations


You had one spell level left.
You knew the following spells:

 Your Spells              Type           Power        Failure   Level  Hunger
a - Beastly Appendage     Trmt           #.....       10%         1    ##.....
b - Sticks to Snakes      Trmt           #.........   12%         2    ###....
c - Spider Form           Trmt/Pois      #.........   38%         3    ####...


Dungeon Overview and Level Annotations

Branches:
Dungeon (3/15)

Altars:
Okawaru
Trog


Innate Abilities, Weirdness & Mutations

You cannot wear boots.
You can spit poison.
Your serpentine skin is tough (AC +1).*
You have supernaturally acute eyesight.
Armour fits poorly on your strangely shaped body.*
Your system is resistant to poisons.*
You cover ground very slowly.*


Message History

You are too injured to fight recklessly!
You barely miss the centaur.
The centaur is heavily wounded.
The jackal bites you but does no damage.
The centaur completely misses you. The jackal closely misses you.
A kobold comes into view.
The kobold shouts!
The centaur hits you.
* * * LOW HITPOINT WARNING * * *
The centaur hits you.
* * * LOW HITPOINT WARNING * * *
The jackal bites you.
* * * LOW HITPOINT WARNING * * *
Drink which item? (? for menu, Esc to quit)
You feel refreshed.
It was a potion of restore abilities.
The centaur hits you.
* * * LOW HITPOINT WARNING * * *
The jackal bites you.
* * * LOW HITPOINT WARNING * * *
The centaur hits you.
You die...

.
#.#####...##.....##..[#
#.........##.....# ###
###................#
#.......[..###.....#
#...##....## #.....#
#......(### #.....#
###.....# . ...
###....h########.
........c@.....K..
###....#########. #....
#.... #.... ..... .##.
.


You could see a centaur, a jackal and a kobold.

Vanquished Creatures
  3 adders (D:2)
  A giant mite (D:2)
  An orc (D:2)
  3 giant cockroaches
  6 goblins
  8 hobgoblins
  7 kobolds
  7 bats
  A giant gecko (D:2)
  A giant newt (D:1)
  3 jackals (D:2)
  12 rats
53 creatures vanquished.

Notes
Turn   | Place    | Note
--------------------------------------------------------------
     0 | D:1      | Kae, the Naga Transmuter, began the quest for the Orb.
     0 | D:1      | Reached XP level 1. HP: 18/18 MP: 3/3
   405 | D:1      | Reached XP level 2. HP: 11/25 MP: 2/4
  1519 | D:1      | Reached XP level 3. HP: 27/31 MP: 6/6
  1768 | D:2      | Learned a level 2 spell: Sticks to Snakes
  1772 | D:2      | Learned a level 3 spell: Spider Form
  1991 | D:2      | HP: 1/31 [orc/hand axe (4)]
  2252 | D:2      | Found a bloodstained altar of Trog.
  2282 | D:2      | Reached skill level 4 in Unarmed Combat
  2431 | D:2      | Reached XP level 4. HP: 22/38 MP: 7/7
  2819 | D:2      | Found an iron altar of Okawaru.
  3117 | D:3      | Noticed a centaur
  3130 | D:3      | HP: 1/38 [jackal (3)]
  3130 | D:3      | Slain by a centaur

Action                   |  1- 3 |  4- 6 || total
-------------------------+-------+-------++-------
Melee: Unarmed           |    20 |       ||    20
       Club              |    26 |       ||    26
       Short sword       |   115 |    48 ||   163
 Cast: Beastly Appendage |    14 |     3 ||    17
 Abil: Spit Poison       |     8 |       ||     8
  Use: Potion            |     2 |     1 ||     3
       Scroll            |       |     7 ||     7
